 Dungeon Crawl Stone Soup version 0.31.0-11-ge490571c62 (webtiles) character file.

Game seed: 6845986608605256227

135 qw the Skirmisher (level 4, -1/25 HPs)
             Began as a Deep Elf Hunter on Feb 5, 2024.
             Incinerated by a bombardier beetle (3 damage)
             ... with a burning spray
             ... on level 4 of the Dungeon.
             The game lasted 00:01:21 (2051 turns).

qw the Skirmisher (Deep Elf Hunter)                 Turns: 2051, Time: 00:01:21

Health: -1/25      AC: 12    Str: 10    XL:     4   Next: 96%
Magic:  6/6        EV: 11    Int: 14    God:
Gold:   38         SH:  0    Dex: 18    Spells: 3/3 levels left

rFire   . . .        a - +1 shortbow (freeze)
rCold   . . .        (shield currently unavailable)
rNeg    . . .        e - +0 ring mail
rPois   .            i - +2 helmet
rElec   .            (no cloak)
rCorr   .            (no gloves)
SInv    +            (no boots)
Will    .....        (no amulet)
Stlth   +            h - ring of see invisible
HPRegen 0.24/turn    j - +4 ring of protection
MPRegen 0.10/turn

%: no passive effects
@: on fire, glowing
A: no striking features
a: no special abilities


You were on level 4 of the Dungeon.
You visited 1 branch of the dungeon, and saw 4 of its levels.

You collected 158 gold pieces.
You spent 120 gold pieces at shops.


   Skills:
 - Level 1.5 Fighting
 + Level 8.3 Ranged Weapons
 - Level 2.4 Dodging
 - Level 1.2 Stealth


You had 3 spell levels left.
You didn't know any spells.
Your spell library was empty.

Inventory:

Hand Weapons
 a - a +1 shortbow of freezing (weapon)
Armour
 e - a +0 ring mail (worn)
 i - a +2 helmet (worn)
Jewellery
 f - an amulet of magic regeneration
 h - a ring of see invisible (left hand)
 j - a +4 ring of protection (right hand)
 Y - a ring of willpower
Scrolls
 c - a scroll of identify
Potions
 b - a potion of attraction {unknown}
 d - a potion of heal wounds
 g - a potion of curing {unknown}
 l - a potion of might {unknown}
 m - a potion of degeneration {unknown}

Dungeon Overview and Level Annotations

Branches:
Dungeon (4/15)
 Temple: D:4-7

Altars:

Shops:
D:3 !


Message History

The kobold hits you but does no damage. The orc hits you but does no damage.
The orc closely misses you.
You shoot an arrow. The arrow hits the orc.
The arrow freezes the orc.
You kill the orc!
The kobold hits you but does no damage. The orc hits you but does no damage.
The orc misses you. The kobold barely misses you.
You shoot an arrow. The arrow hits the bombardier beetle!
The arrow freezes the bombardier beetle.
The bombardier beetle is severely wounded.
The kobold hits you but does no damage. The orc closely misses you.
The bombardier beetle sprays incendiary fluid at you.
The burning spray hits you.
You are covered in liquid fire!
You shoot an arrow. The arrow hits the bombardier beetle.
The arrow freezes the bombardier beetle.
The bombardier beetle is almost dead.
The liquid fire burns you! The kobold hits you but does no damage.
The orc closely misses you.
2047 ||| DRINKING 2 potions of heal wounds.
You feel much better. The liquid fire burns you! The kobold closely misses you.
The orc closely misses you.
The bombardier beetle closely misses you.
You shoot an arrow. The arrow hits the bombardier beetle.
The arrow freezes the bombardier beetle.
You kill the bombardier beetle!
The liquid fire burns you! The kobold hits you but does no damage.
The orc hits you but does no damage.
Your Ranged Weapons skill increases to level 8!
You shoot an arrow. The arrow hits the orc!
The arrow freezes the orc.
You kill the orc!
The liquid fire burns you! The kobold hits you but does no damage.
You shoot an arrow. The arrow hits the kobold!
The arrow freezes the kobold.
You kill the kobold!
The liquid fire burns you!
You hear a howl!
You are on fire!
The liquid fire burns you!
You die...

.##............##<###.####
.......>.......# .###.....
#(..........## .#...####
####....#..## .#.### #
#....#..... .#.# #
#....#.#.....#.#
#....#.#.###.#.#
#.#$##.#.### #.#
#..)@......# #.#
#..)####.#.# #.# #.....
#.. ........ .#......# #
#.....o. #..#.... #..##.


There were no monsters in sight!

Vanquished Creatures
  A bombardier beetle (D:4)
  An adder (D:4)
  3 dart slugs
  3 ribbon worms
  8 orcs
  6 bats
  7 endoplasms
  3 giant cockroaches
  2 goblins
  6 hobgoblins
  4 quokkas
  9 ball pythons
  5 frilled lizards
  7 kobolds
  8 rats
73 creatures vanquished.

Notes
Turn   | Place    | Note
-------+----------+-------------------------------------------
     0 | D:1      | qw the Deep Elf Hunter began the quest for the Orb.
     0 | D:1      | Reached XP level 1. HP: 12/12 MP: 3/3
     0 | D:1      | 0 ||| qw: Version: 0.3-a-160-g6735b56
     0 | D:1      | 0 ||| qw: Game counter: 6315
     0 | D:1      | 0 ||| qw: Melee chars always use a shield: true
     0 | D:1      | 0 ||| qw: God list: Okawaru
     0 | D:1      | 0 ||| qw: Allow faded altars: false
     0 | D:1      | 0 ||| qw: Do Orc after clearing Dungeon:15 true
     0 | D:1      | 0 ||| qw: Do second Lair branch before Depths: true
     0 | D:1      | 0 ||| qw: Lair rune preference: random
     0 | D:1      | 0 ||| qw: Goals: Normal
     0 | D:1      | 0 ||| PLANNING D:1-11
    92 | D:1      | Reached skill level 6 in Ranged Weapons
    92 | D:1      | Reached XP level 2. HP: 16/16 MP: 4/4
   604 | D:1      | Reached XP level 3. HP: 20/20 MP: 5/5
   846 | D:1      | 846 ||| UPGRADING to +0 ring mail.
   856 | D:1      | 856 ||| DROPPING +0 leather armour.
   857 | D:1      | 857 ||| UPGRADING to +2 helmet.
   862 | D:1      | 862 ||| UPGRADING to ring of see invisible.
   863 | D:1      | 863 ||| READING scroll labelled KELEGIPICE.
   863 | D:1      | 863 ||| BRANDING +0 shortbow.
   864 | D:1      | 864 ||| READING scroll labelled TOKLAU TIGA.
   865 | D:1      | 865 ||| DROPPING scroll of butterflies.
  1112 | D:2      | Reached skill level 7 in Ranged Weapons
  1195 | D:2      | 1195 ||| DROPPING +1 hat.
  1347 | D:3      | Found Ozuapixi's Distillery.
  1355 | D:3      | 1355 ||| BUYING 2 potions of heal wounds (120 gold).
  1355 | D:3      | Bought 2 potions of heal wounds for 120 gold pieces
  1355 | D:3      | 1355 ||| SHOPLISTING potion of haste (120 gold, have 1).
  1355 | D:3      | 1355 ||| SHOPLISTING potion of heal wounds (60 gold, have
                  | 1).
  1495 | D:3      | Reached XP level 4. HP: 25/25 MP: 6/6
  1846 | D:3      | 1846 ||| UPGRADING to ring of willpower.
  1847 | D:3      | 1847 ||| UPGRADING to +4 ring of protection.
  1849 | D:3      | 1849 ||| READING scroll labelled PADOK GIWKY.
  1849 | D:3      | 1849 ||| ENCHANTING +0 shortbow of freezing.
  1850 | D:3      | 1850 ||| READING 2 scrolls labelled UNISHR TAWEGH.
  1850 | D:3      | 1850 ||| IDENTIFYING red potion
  1851 | D:3      | 1851 ||| READING scroll of identify.
  1851 | D:3      | 1851 ||| IDENTIFYING fizzy pink potion
  1852 | D:3      | 1852 ||| DROPPING potion of invisibility.
  1853 | D:3      | 1853 ||| DROPPING potion of ambrosia.
  2030 | D:4      | 2030 ||| RETREEEEATING.
  2046 | D:4      | HP: 1/25 [burnt (7)]
  2047 | D:4      | 2047 ||| DRINKING 2 potions of heal wounds.
  2049 | D:4      | Reached skill level 8 in Ranged Weapons
  2051 | D:4      | Incinerated by a bombardier beetle

Levels and vault maps discovered:
D:1:      nicolae_arrival_memento_mori, layout_basic
D:2:      layout_rooms
D:3:      layout_loops_ring, serial_shops, shop, dk_noncrumbling_2,
          minmay_misc_feat_more_columns
D:4:      layout_loops_cross, kennysheep_little_box

Skill      XL: |  1  2  3  4 |
---------------+-------------+-----
Ranged Weapons | 6 7 8 |  8.3
Fighting       | |  1.5
Dodging        | |  2.4
Stealth        | |  1.2

Action                     |  1- 3 |  4- 6 || total
---------------------------+-------+-------++-------
   Fire: Shortbow          |   130 |    47 ||   177
    Use: Scroll            |     2 |     3 ||     5
         Potion            |       |     1 ||     1
 Armour: Leather armour    |     9 |       ||     9
         Ring mail         |     8 |    20 ||    28
  Dodge: Dodged            |    18 |    21 ||    39

Table legend:
 A = Non-vault XP
 B = Vault XP
 C = Vault XP percentage of total XP
 D = Non-vault monster count
 E = Vault monster count
 F = Vault count percentage of total count
                 A         B        C        D         E       F
            +---------+---------+-------+---------+---------+-------
      Total |     193 |       0 |   0.0 |      73 |       0 |   0.0
            +---------+---------+-------+---------+---------+-------
        D:1 |      49 |       0 |   0.0 |      29 |       0 |   0.0
        D:2 |      20 |       0 |   0.0 |      11 |       0 |   0.0
        D:3 |      45 |       0 |   0.0 |      21 |       0 |   0.0
        D:4 |      79 |       0 |   0.0 |      12 |       0 |   0.0
            +---------+---------+-------+---------+---------+-------
